[Event "Titled Tuesday Blitz February 21 Early 2023"]
[White "Osuna Vega, Enrique"]
[Black "UNSTOPPABLE_LEGEND"]
[WhiteFideId "2219549"]
[WhiteElo "2061"]
[BlackElo "2437"]
[Result "1-0"]
[Round "02"]
[TimeControl "180+2"]
[Date "2023.02.21"]
[WhiteClock "0:00:10"]
[BlackClock "0:00:09"]

1. e4 e6 2. d4 d5 3. Nc3 Nf6 4. Bd3 Bb4 5. e5 Ne4 6. Ne2 c5 7. a3 Ba5 8. dxc5 Nxc5 9. b4 Nxd3+ 10. Qxd3 Bc7 11. f4 O-O 12. Nb5 Bb6 13. Be3 a5 14. O-O Nc6 15. c3 f6 16. exf6 Bxe3+ 17. Qxe3 Qxf6 18. g3 Bd7 19. Ned4 Rae8 20. Nxc6 Bxc6 21. Nd4 axb4 22. axb4 e5 23. fxe5 Qxe5 24. Rxf8+ Kxf8 25. Rf1+ Kg8 26. Qf2 Qe3 27. Qxe3 Rxe3 28. Rf3 Re4 29. Kf2 Bd7 30. Re3 Rxe3 31. Kxe3 Kf7 32. Nf3 h6 33. Kd4 Ke6 34. Ne5 Be8 35. Nd3 b6 36. Nf4+ Kd6 37. Nxd5 b5 38. Ne3 Bd7 39. c4 bxc4 40. Nxc4+ Kc7 41. Kc5 h5 42. b5 g5 43. b6+ Kb7 44. Nd6+ Kb8 45. Ne4 g4 46. Nf6 Bf5 47. Nxh5 Kb7 48. Nf4 Bd7 49. Nd5 Be6 50. Nc3 Bd7 51. Nb5 Be6 52. Nd6+ Kb8 53. Kd4 Bd7 54. Ke5 Be6 55. Kf4 Bd7 56. Ne4 Kb7 57. Nf6 Be6 58. Nxg4 Kxb6 59. Ne5 Kc7 60. g4 Kd6 61. h4 Ke7 62. g5 Kf8 63. h5 Kg7 64. h6+ Kh7 65. Kg3 Bf5 66. Kh4 Bc2 67. Nd7 Kg6 68. Ne5+ Kh7 69. Kg3 Bf5 70. Kf4 Bc2 71. Ke3 Bf5 72. Kd4 Kg8 73. Kd5 Kf8 74. Kd6 Bg4 75. Nxg4 1-0


[Site "https://www.chess.com"]

[Event "Titled Tuesday Blitz February 21 Early 2023"]
[White "Abdilkhair, Abilmansur"]
[Black "Sailer, Mike"]
[WhiteFideId "13716417"]
[BlackFideId "2012901"]
[WhiteElo "2268"]
[BlackElo "2109"]
[Result "0-1"]
[Round "02"]
[TimeControl "180+2"]
[Date "2023.02.21"]
[WhiteClock "0:00:14"]
[BlackClock "0:00:16"]

1. d4 d5 2. c4 Bf5 3. cxd5 Bxb1 4. Rxb1 Qxd5 5. Qa4+ Nc6 6. e3 e5 7. Nf3 Bb4+ 8. Bd2 Bxd2+ 9. Kxd2 exd4 10. Nxd4 O-O-O 11. Qc4 Nxd4 12. Qxd5 Rxd5 13. exd4 Rxd4+ 14. Kc3 Rd6 15. Bc4 Nh6 16. Rhe1 Kd7 17. Re2 Re8 18. Rbe1 Rxe2 19. Rxe2 f6 20. f3 Nf5 21. Bd3 g6 22. Bxf5+ gxf5 23. f4 Re6 24. Rd2+ Ke7 25. g3 Re4 26. Kd3 c5 27. Rc2 Kd6 28. Rd2 Rd4+ 29. Ke3 Rxd2 30. Kxd2 Kd5 31. Kd3 b5 32. Ke3 c4 33. a3 a5 34. Kf3 b4 35. Ke3 bxa3 36. bxa3 Kc5 37. h3 h5 38. h4 Kd5 39. Ke2 Kd4 40. Kd2 c3+ 41. Kc2 Kc4 42. Kc1 Kb3 43. Kb1 Kxa3 44. Kc2 Kb4 45. Kc1 Kb3 46. Kb1 Kc4 47. Kc2 Kd4 48. Kc1 Ke3 49. Kc2 Kf3 50. Kxc3 Kxg3 51. Kd4 Kxf4 52. Kd5 a4 53. Ke6 a3 54. Kxf6 a2 55. Kg6 Kg4 56. Kh6 a1=Q 57. Kg6 Qa6+ 58. Kh7 Kxh4 59. Kg7 Kg5 60. Kh7 Qb7+ 61. Kg8 Kg6 0-1


[Site "https://www.chess.com"]

[Event "Titled Tuesday Blitz February 21 Early 2023"]
[White "Delorme, Alban"]
[Black "Ziatdinov, Raset"]
[WhiteFideId "623636"]
[BlackFideId "2015323"]
[WhiteElo "2298"]
[BlackElo "2101"]
[Result "1/2-1/2"]
[Round "02"]
[TimeControl "180+2"]
[Date "2023.02.21"]
[WhiteClock "0:00:02"]
[BlackClock "0:00:22"]

1. e4 c5 2. Nf3 Nc6 3. d4 cxd4 4. Nxd4 e5 5. Nb5 d6 6. N1c3 a6 7. Na3 b5 8. Nd5 Nge7 9. c4 Nd4 10. Be3 Nxd5 11. exd5 Be7 12. Bd3 Nf5 13. O-O O-O 14. cxb5 Nxe3 15. fxe3 f5 16. bxa6 e4 17. Be2 Bg5 18. Nc4 Bxa6 19. Qd4 Bf6 20. Qd2 Bxc4 21. Bxc4 Qb6 22. Rxf5 Bxb2 23. Rxf8+ Rxf8 24. Rb1 Qc5 25. Rxb2 Qxc4 26. h3 h5 27. Qd4 Rf1+ 28. Kh2 Qxd4 29. exd4 Rd1 30. Rb6 e3 31. Rb2 Rd2 32. Rb3 e2 33. Re3 Rxa2 34. Kg3 Kf7 35. Kf3 Ra4 36. Kxe2 Rxd4 37. Rd3 Re4+ 38. Kf3 Re5 39. Kf4 Kf6 40. h4 Rf5+ 41. Ke4 Re5+ 42. Kf4 Re1 43. g3 Rf1+ 44. Ke4 Re1+ 45. Kf4 g6 46. Rb3 Rf1+ 47. Ke4 g5 48. hxg5+ Kxg5 49. Rb6 Kg4 50. Rxd6 Re1+ 51. Kd4 Kxg3 52. Rg6+ Kf4 53. d6 h4 54. Rh6 Kg5 55. Rh8 Kg4 56. Kd5 Kg3 57. Kc6 h3 58. Rh5 h2 59. d7 Rd1 60. Kc7 Rc1+ 61. Kb8 Rd1 62. Kc8 Rxd7 63. Kxd7 Kg2 64. Ke6 h1=Q 65. Rxh1 Kxh1 1/2-1/2


[Site "https://www.chess.com"]

[Event "Titled Tuesday Blitz February 21 Early 2023"]
[White "Ouakhir, Pierre Mehdi"]
[Black "Larina, Maria"]
[WhiteFideId "9000437"]
[BlackFideId "24113182"]
[WhiteElo "2212"]
[BlackElo "1948"]
[Result "1-0"]
[Round "02"]
[TimeControl "180+2"]
[Date "2023.02.21"]
[WhiteClock "0:00:40"]
[BlackClock "0:00:06"]

1. d4 f5 2. g4 fxg4 3. e4 d5 4. Nc3 dxe4 5. Bc4 Nc6 6. Bg5 Qxd4 7. Qe2 Nf6 8. Rd1 Qe5 9. Bh4 Bf5 10. Nb5 Nh5 11. Rd5 Qf4 12. Bg3 Nxg3 13. hxg3 Qc1+ 14. Rd1 Qxb2 15. Nxc7# 1-0


[Site "https://www.chess.com"]

[Event "Titled Tuesday Blitz February 21 Early 2023"]
[White "Levine, David"]
[Black "Matko, Ognjen"]
[WhiteFideId "2011611"]
[BlackFideId "14509717"]
[WhiteElo "2040"]
[BlackElo "2295"]
[Result "0-1"]
[Round "02"]
[TimeControl "180+2"]
[Date "2023.02.21"]
[WhiteClock "0:00:02"]
[BlackClock "0:01:10"]

1. d4 Nf6 2. c4 c5 3. d5 b5 4. Qc2 g6 5. e4 d6 6. Nf3 Bg7 7. cxb5 O-O 8. Nc3 a6 9. a4 Nbd7 10. h3 axb5 11. Bxb5 Ba6 12. O-O Qb6 13. Re1 Bxb5 14. Nxb5 Rfb8 15. Bg5 h6 16. Bf4 Ne8 17. e5 g5 18. Bg3 Rb7 19. e6 Ndf6 20. exf7+ Kxf7 21. Qf5 Nc7 22. Nxc7 Qxc7 23. Qe6+ Kf8 24. Re2 Qd7 25. Ra2 Qxe6 26. dxe6 Nd5 27. Ne1 Nb4 28. Ra3 Rba7 29. b3 Nc6 30. Nd3 Nd4 31. Re1 Nc2 32. Ra2 Nxe1 33. Nxe1 c4 34. bxc4 Rxa4 35. Rxa4 Rxa4 36. Nc2 Rxc4 37. Ne3 Re4 38. Nf5 Rxe6 39. Kf1 Bc3 0-1


[Site "https://www.chess.com"]

[Event "Titled Tuesday Blitz February 21 Early 2023"]
[White "Rottenwohrer Suarez, Juan"]
[Black "kiwibobo"]
[WhiteFideId "32068182"]
[WhiteElo "2265"]
[BlackElo "2140"]
[Result "1-0"]
[Round "02"]
[TimeControl "180+2"]
[Date "2023.02.21"]
[WhiteClock "0:01:30"]
[BlackClock "0:01:06"]

1. Nf3 Nf6 2. g3 g6 3. Bg2 Bg7 4. O-O O-O 5. c4 d5 6. cxd5 Nxd5 7. d4 Nc6 8. Nc3 Nb6 9. d5 Na5 10. Qc2 c6 11. dxc6 Nxc6 12. Rd1 Qc7 13. Bf4 e5 14. Nb5 Qb8 15. Be3 Bf5 16. Qc1 e4 17. Nfd4 Nxd4 18. Bxd4 Qe8 19. Bxg7 Kxg7 20. Nc7 Qe5 21. Nxa8 Rxa8 22. Qd2 Nc4 23. Qd4 Rc8 24. Qxe5+ Nxe5 25. Rac1 Nc6 26. Rc4 Re8 27. b4 a6 28. a3 Kf6 29. Rdc1 Ke5 30. g4 Be6 31. Rxe4+ Kd6 32. g5 Kc7 33. Re3 Rd8 34. Rec3 Bd5 35. Rd3 Bxg2 36. Rxd8 Kxd8 37. Kxg2 Ke7 38. e3 Ke6 39. f4 Kf5 40. Kf3 Ke6 41. h4 Kf5 42. e4+ Ke6 43. Kg4 Nd4 44. Rc7 b6 45. f5+ gxf5+ 46. exf5+ Nxf5 47. Rc6+ Nd6 48. Rxb6 Kd5 49. Rxa6 Nb5 50. Ra5 Kc4 51. Rxb5 Kxb5 52. Kf5 1-0


[Site "https://www.chess.com"]

[Event "Titled Tuesday Blitz February 21 Early 2023"]
[White "Bon, Michael"]
[Black "Seifert, Henryk"]
[WhiteFideId "620696"]
[BlackFideId "1100963"]
[WhiteElo "2394"]
[BlackElo "2106"]
[Result "1-0"]
[Round "02"]
[TimeControl "180+2"]
[Date "2023.02.21"]
[WhiteClock "0:01:06"]
[BlackClock "0:01:11"]

1. e4 e6 2. d4 d5 3. e5 c5 4. c3 Nc6 5. Nf3 Qb6 6. a3 Bd7 7. b4 cxd4 8. cxd4 Rc8 9. Bb2 Na5 10. Nbd2 Nc4 11. Nxc4 dxc4 12. Rc1 a5 13. Nd2 axb4 14. Nxc4 Qa7 15. axb4 Bxb4+ 16. Bc3 Bxc3+ 17. Rxc3 Kf8 18. Ra3 Qb8 19. Nb6 Ne7 20. Nxd7+ 1-0


[Site "https://www.chess.com"]

[Event "Titled Tuesday Blitz February 21 Early 2023"]
[White "Chemin, Justo Reinaldo"]
[Black "Sargissyan, Sargis"]
[WhiteFideId "2101580"]
[BlackFideId "13303210"]
[WhiteElo "2040"]
[BlackElo "2234"]
[Result "0-1"]
[Round "02"]
[TimeControl "180+2"]
[Date "2023.02.21"]
[WhiteClock "0:00:02"]
[BlackClock "0:00:14"]

1. d4 Nf6 2. Nf3 g6 3. Bf4 d5 4. e3 c5 5. Nbd2 cxd4 6. exd4 Bg7 7. h3 Nc6 8. c3 O-O 9. Be2 Qb6 10. Qb3 Qxb3 11. axb3 Nd7 12. b4 e5 13. dxe5 Ncxe5 14. Nxe5 Nxe5 15. O-O Be6 16. Nb3 Nc4 17. Bxc4 dxc4 18. Nc5 Bd5 19. Rfd1 Rfd8 20. Bc7 Rdc8 21. Bg3 Bc6 22. Rd2 Bf6 23. Rad1 Rd8 24. Rxd8+ Rxd8 25. Rxd8+ Bxd8 26. b5 Bd5 27. Bb8 Bg5 28. Bxa7 Bc1 29. Na4 Be6 30. Bd4 Bd7 31. Nc5 Bxb5 32. Nxb7 Bxb2 33. Nd6 Ba6 34. Ne4 h5 35. Nf6+ Kf8 36. Nd7+ Ke7 37. Nc5 Bb5 38. Ne4 f5 39. Nd2 Kd6 40. f3 Bc1 41. Nf1 f4 42. Kf2 Bd7 43. Ke2 Bf5 44. Nd2 Bd3+ 45. Kd1 Ba3 46. Ba7 Ke5 47. Bb8+ Kf5 48. Ba7 Bd6 49. Bf2 Be5 50. Bd4 Bxd4 51. cxd4 Ke6 52. Ne4 Kd5 53. Nf6+ Kxd4 54. Kd2 c3+ 55. Kd1 Bf5 56. Ne8 Ke3 57. Nd6 Kf2 58. Nb5 c2+ 59. Kd2 Kxg2 60. Nd4 Kxh3 0-1


[Site "https://www.chess.com"]

[Event "Titled Tuesday Blitz February 21 Early 2023"]
[White "Martic, Ivan"]
[Black "Ricaurte Lopez, Juan Carlos"]
[WhiteFideId "929301"]
[BlackFideId "3600327"]
[WhiteElo "2301"]
[BlackElo "2226"]
[Result "1-0"]
[Round "02"]
[TimeControl "180+2"]
[Date "2023.02.21"]
[WhiteClock "0:01:04"]
[BlackClock "0:00:10"]

1. e4 e5 2. Nf3 Nc6 3. c3 Nf6 4. d3 a6 5. Be2 Bc5 6. O-O d5 7. Nbd2 O-O 8. b4 Bb6 9. Bb2 dxe4 10. dxe4 Bg4 11. Qc2 Qe7 12. Nc4 Rfd8 13. a4 Ba7 14. b5 Bxf3 15. Bxf3 Nb8 16. Rad1 Nbd7 17. bxa6 bxa6 18. Ba3 Bc5 19. Bc1 Nb6 20. Na5 Qe8 21. Rxd8 Rxd8 22. Nb7 Bd6 23. Nxd8 Qxd8 24. a5 Nbd7 25. Qd3 Nc5 26. Qc4 h6 27. Rd1 Qe7 28. Be3 g5 29. h3 Nfd7 30. Bg4 Nf6 31. Bf5 Kg7 32. g3 Qe8 33. Bxc5 1-0


[Site "https://www.chess.com"]

[Event "Titled Tuesday Blitz February 21 Early 2023"]
[White "Calcada, Lucas Galvan"]
[Black "Jovic, Stanoje"]
[WhiteFideId "22746099"]
[BlackFideId "905020"]
[WhiteElo "1739"]
[BlackElo "2075"]
[Result "0-1"]
[Round "02"]
[TimeControl "180+2"]
[Date "2023.02.21"]
[WhiteClock "0:00:47"]
[BlackClock "0:01:36"]

1. e4 c6 2. d4 d5 3. e5 c5 4. dxc5 e6 5. Nf3 Bxc5 6. a3 Qb6 7. Qe2 a5 8. Qb5+ Bd7 9. Qxb6 Bxb6 10. Nc3 Nc6 11. Nb5 Ke7 12. Nd6 Rb8 13. b3 Nd4 14. Bg5+ f6 15. exf6+ gxf6 16. Bf4 Nxf3+ 17. gxf3 e5 0-1


[Site "https://www.chess.com"]

[Event "Titled Tuesday Blitz February 21 Early 2023"]
[White "Gurevich, Ilya"]
[Black "Goncalves, Davi Sulzbacher"]
[WhiteFideId "2000628"]
[BlackFideId "2154510"]
[WhiteElo "2586"]
[BlackElo "2282"]
[Result "0-1"]
[Round "02"]
[TimeControl "180+2"]
[Date "2023.02.21"]
[WhiteClock "0:00:12"]
[BlackClock "0:00:38"]

1. d4 Nf6 2. c4 e6 3. Nf3 b6 4. g3 Ba6 5. b3 Bb4+ 6. Bd2 Be7 7. Bg2 c6 8. Bc3 Ne4 9. Bb2 d5 10. O-O Nd7 11. Ne5 Nxe5 12. dxe5 O-O 13. Qc2 Nc5 14. Rd1 Rc8 15. e4 Nd7 16. exd5 cxd5 17. Qd2 Nc5 18. cxd5 exd5 19. Bxd5 Nd3 20. Nc3 Rxc3 21. Bxf7+ Rxf7 22. Qxc3 Rxf2 23. Rxd3 Bxd3 24. Kxf2 Bc5+ 25. Ke1 Qd5 26. Rd1 Qe4+ 27. Kd2 Qe3# 0-1


[Site "https://www.chess.com"]

[Event "Titled Tuesday Blitz February 21 Early 2023"]
[White "QuiesPrecatio"]
[Black "Von Buelow, Georg"]
[BlackFideId "4620658"]
[WhiteElo "2417"]
[BlackElo "2345"]
[Result "1-0"]
[Round "02"]
[TimeControl "180+2"]
[Date "2023.02.21"]
[WhiteClock "0:00:07"]
[BlackClock "0:00:12"]

1. d4 Nf6 2. c4 g6 3. h4 Bg7 4. Nc3 d5 5. h5 dxc4 6. h6 Bf8 7. e4 b5 8. e5 Nd5 9. Nxb5 c6 10. Nc3 Nxc3 11. bxc3 Be6 12. Nf3 Nd7 13. Nd2 Nb6 14. Ba3 Bd5 15. Bc5 e6 16. Bxb6 axb6 17. Nxc4 Be7 18. f4 O-O 19. Qd2 c5 20. Ne3 cxd4 21. cxd4 Ra4 22. Kf2 Qd7 23. Be2 Be4 24. Rhd1 Rfa8 25. Bf3 Qb7 26. Qe2 Bxf3 27. Qxf3 Rxa2+ 28. Rxa2 Rxa2+ 29. Kg3 Qd7 30. d5 exd5 31. Nxd5 Qe8 32. Qb3 Ra3 33. Qxa3 Bxa3 34. Nf6+ Kf8 35. Nxe8 Kxe8 36. Rd3 Bc5 37. Kf3 Bf8 38. g4 Bxh6 39. g5 Bf8 40. Ke4 Bc5 41. Kd5 Ke7 42. Rh3 Ba3 43. Rxh7 Bc1 44. f5 gxf5 45. g6 Kf8 46. gxf7 f4 47. e6 Ba3 48. Rh8+ Kg7 49. Rg8+ Kh7 50. f8=Q Bxf8 51. Rxf8 b5 52. Rxf4 b4 53. Rxb4 Kg6 54. Rf4 Kg5 55. Ke5 Kg6 56. e7 Kg7 57. e8=Q Kh6 58. Qe6+ Kg5 59. Qf6+ 1-0


[Site "https://www.chess.com"]

[Event "Titled Tuesday Blitz February 21 Early 2023"]
[White "Devaev, Alexander"]
[Black "Mitrovic, Darko R"]
[WhiteFideId "4169395"]
[BlackFideId "927023"]
[WhiteElo "2325"]
[BlackElo "2220"]
[Result "1-0"]
[Round "02"]
[TimeControl "180+2"]
[Date "2023.02.21"]
[WhiteClock "0:00:14"]
[BlackClock "0:00:04"]

1. d4 Nf6 2. c4 e6 3. Nf3 Bb4+ 4. Bd2 Bxd2+ 5. Qxd2 Nc6 6. Nc3 d6 7. g3 O-O 8. Bg2 e5 9. O-O h6 10. Nd5 e4 11. Ne1 Bf5 12. Ne3 Bg6 13. N1c2 Qd7 14. Rfd1 Rae8 15. b4 h5 16. h4 Ng4 17. Nxg4 hxg4 18. Qg5 Qf5 19. b5 Qxg5 20. hxg5 Ne7 21. Ne3 Nf5 22. Nxg4 e3 23. f4 Nxg3 24. Bf3 b6 25. Kh2 Nh5 26. a4 Nxf4 27. Ra3 Be4 28. Rxe3 Bxf3 29. exf3 Rxe3 30. Nxe3 Re8 31. Nf5 Re2+ 32. Kg3 Ne6 33. f4 Ra2 34. d5 Nc5 35. Re1 Rxa4 36. Re8+ Kh7 37. Re7 Kg8 38. Rxc7 Rxc4 39. Rxa7 Rc3+ 40. Kg2 Ne4 41. Rb7 Kh7 42. Rxb6 Kg6 43. Nxd6 Nxd6 44. Rxd6+ Kf5 45. Rd7 Kxf4 46. Rxf7+ Ke5 47. Rxg7 Kxd5 48. b6 Rb3 49. b7 Kc6 50. g6 Kd6 51. Rf7 Ke6 52. Rc7 Kf6 53. g7 Rb2+ 54. Kf3 Rb3+ 55. Ke2 Rb2+ 56. Kd3 Rb3+ 57. Kc2 Rb2+ 58. Kxb2 Kg6 59. g8=Q+ Kf6 60. b8=Q Ke5 61. Re7+ Kf5 62. Qe5# 1-0


[Site "https://www.chess.com"]

[Event "Titled Tuesday Blitz February 21 Early 2023"]
[White "Jaivardhan Raj"]
[Black "Babikov, Ivan"]
[WhiteFideId "25744437"]
[BlackFideId "4161106"]
[WhiteElo "1901"]
[BlackElo "2239"]
[Result "0-1"]
[Round "02"]
[TimeControl "180+2"]
[Date "2023.02.21"]
[WhiteClock "0:00:13"]
[BlackClock "0:00:15"]

1. d4 d5 2. Nf3 Nf6 3. Bf4 c5 4. c3 Nc6 5. e3 Qb6 6. Qb3 c4 7. Qc2 Bf5 8. Qc1 e6 9. Be2 Nh5 10. Bg3 Nxg3 11. hxg3 Bd6 12. Nbd2 h6 13. Bd1 Rc8 14. Bc2 Bxc2 15. Qxc2 e5 16. dxe5 Nxe5 17. Nxe5 Bxe5 18. Nf3 Bf6 19. Rd1 Rd8 20. Qa4+ Kf8 21. Qa3+ Be7 22. b4 Bf6 23. Nd4 g6 24. Qc1 Kg7 25. a3 Rhe8 26. O-O h5 27. Qd2 h4 28. gxh4 Bxh4 29. Qe2 Bf6 30. Qg4 Rh8 31. Nf5+ Kf8 32. Nd4 Qd6 33. g3 Rh5 34. Kg2 Kg7 35. Rh1 Rdh8 36. Rxh5 Rxh5 37. Rh1 Rxh1 38. Kxh1 a5 39. Qc8 axb4 40. axb4 Bxd4 41. exd4 Qe7 42. Kg2 Qe4+ 43. Kh2 Qc2 44. Qxb7 Qxf2+ 45. Kh3 Qf5+ 46. g4 Qd3+ 47. Kg2 Qc2+ 48. Kg1 Qc1+ 49. Kg2 Qd2+ 50. Kg1 Qxc3 51. Qxd5 Qxb4 52. Qe5+ Kh7 53. Qh2+ Kg8 54. Qe2 c3 55. Qe8+ Kg7 56. Qe5+ Kh7 57. Qh2+ Kg8 58. Qe2 Qb1+ 59. Kf2 c2 60. Qe8+ Kg7 61. Qe5+ Kh7 62. Qf6 Qb7 63. Qh4+ Kg7 64. Qg5 Qb2 65. Qe5+ Kh7 66. Qh2+ Kg8 67. Qg3 c1=Q+ 68. Kf3 Qcc3+ 69. Kf4 Qxg3+ 70. Kxg3 Qxd4 71. Kh3 g5 72. Kg3 Qf4+ 73. Kh3 Qxg4+ 74. Kxg4 f6 75. Kf5 Kf7 76. Kg4 Kg6 77. Kg3 f5 78. Kf3 g4+ 79. Kf4 Kf6 80. Kg3 Kg5 81. Kg2 Kf4 82. Kf2 g3+ 83. Kg2 Kg4 84. Kg1 f4 85. Kg2 f3+ 86. Kg1 g2 87. Kf2 Kh3 88. Kg1 f2+ 89. Kxf2 Kh2 90. Kf3 g1=Q 91. Kf4 Qg2 92. Kf5 Qg3 93. Kf6 0-1


[Site "https://www.chess.com"]

[Event "Titled Tuesday Blitz February 21 Early 2023"]
[White "Jesusesmifuerza"]
[Black "Bas Mas, Jose Joaquin"]
[BlackFideId "22219064"]
[WhiteElo "2002"]
[BlackElo "2197"]
[Result "0-1"]
[Round "02"]
[TimeControl "180+2"]
[Date "2023.02.21"]
[WhiteClock "0:00:32"]
[BlackClock "0:00:49"]

1. d4 d5 2. Nc3 Nf6 3. Bf4 c5 4. e4 Nxe4 5. Nxe4 dxe4 6. dxc5 Qa5+ 7. c3 Qxc5 8. Qa4+ Bd7 9. Qxe4 Bc6 10. Qe3 Qxe3+ 11. Bxe3 e6 12. f3 Nd7 13. Ne2 e5 14. Ng3 g6 15. Ne4 f5 16. Nd2 Bc5 17. Nc4 Bxe3 18. Nxe3 O-O-O 19. O-O-O Nb6 20. Bc4 Kc7 21. Bb3 a5 22. a3 h5 23. h4 f4 24. Nc4 a4 25. Ba2 Nxc4 26. Bxc4 b5 27. Bf7 Rdf8 28. Bd5 Rf6 29. Rhe1 Re8 30. Re2 Rd6 31. Bxc6 Rxd1+ 32. Kxd1 Kxc6 33. Rd2 g5 34. hxg5 Rg8 35. Ke2 Rxg5 36. Kd3 Kd5 37. Re2 Rg3 38. Rf2 e4+ 39. Ke2 e3 40. Rf1 Rxg2+ 41. Kd3 Rxb2 42. c4+ bxc4+ 43. Kc3 Rb3+ 44. Kc2 Rxa3 45. Rd1+ Kc5 46. Rh1 Kb4 47. Rxh5 Ra2+ 48. Kd1 Rf2 0-1


[Site "https://www.chess.com"]

[Event "Titled Tuesday Blitz February 21 Early 2023"]
[White "Rangel, Daniel"]
[Black "Better_Chess_Faster"]
[WhiteFideId "2124475"]
[WhiteElo "2207"]
[BlackElo "1968"]
[Result "1-0"]
[Round "02"]
[TimeControl "180+2"]
[Date "2023.02.21"]
[WhiteClock "0:01:53"]
[BlackClock "0:01:47"]

1. e4 Nf6 2. Nc3 e5 3. Bc4 Nc6 4. d3 Bc5 5. Nge2 d6 6. Ng3 O-O 7. O-O Bg4 8. Qd2 a6 9. a3 h6 10. Kh1 Qd7 11. f4 exf4 12. Rxf4 Ne5 13. Ba2 Ba7 14. Rxf6 gxf6 15. Qxh6 Be6 16. Nh5 Bxa2 17. Nxf6# 1-0


[Site "https://www.chess.com"]

[Event "Titled Tuesday Blitz February 21 Early 2023"]
[White "Dias, Joao Batista"]
[Black "Gu, Xiaobing"]
[WhiteFideId "2108240"]
[BlackFideId "8602611"]
[WhiteElo "1796"]
[BlackElo "2167"]
[Result "0-1"]
[Round "02"]
[TimeControl "180+2"]
[Date "2023.02.21"]
[WhiteClock "0:00:59"]
[BlackClock "0:00:20"]

1. e4 c5 2. Nf3 d6 3. d4 cxd4 4. Nxd4 Nf6 5. Nc3 a6 6. Be3 e5 7. Nb3 Be6 8. f3 Be7 9. Be2 Nbd7 10. O-O b5 11. Qd2 O-O 12. Rad1 Qc7 13. Nd5 Bxd5 14. exd5 Nb6 15. c3 Nfxd5 16. Bd3 Nxe3 17. Qxe3 d5 18. Bb1 Rad8 19. Kh1 Nc4 20. Qd3 g6 21. Qe2 Rfe8 22. Rfe1 Bf6 23. Qf2 a5 24. h4 a4 25. Nc1 h5 26. Nd3 Kg7 27. g4 hxg4 28. fxg4 Rh8 29. h5 gxh5 30. g5 Bxg5 31. Qf5 f6 32. Nf2 e4 33. Nh3 Qg3 34. Nxg5 fxg5 35. Rg1 Qh4+ 0-1


[Site "https://www.chess.com"]

[Event "Titled Tuesday Blitz February 21 Early 2023"]
[White "Desideri, Ricardo Maruchi"]
[Black "Andrews, Todd"]
[WhiteFideId "2110440"]
[BlackFideId "2012456"]
[WhiteElo "1959"]
[BlackElo "2220"]
[Result "0-1"]
[Round "02"]
[TimeControl "180+2"]
[Date "2023.02.21"]
[WhiteClock "0:00:14"]
[BlackClock "0:01:10"]

1. e4 e6 2. d4 d5 3. e5 c5 4. c3 Nc6 5. Nf3 Bd7 6. a3 Nge7 7. b4 cxd4 8. cxd4 Nf5 9. Bb2 b5 10. Bxb5 Nxe5 11. Bxd7+ Nxd7 12. O-O Bd6 13. Nc3 O-O 14. Ne2 Nb6 15. Ng3 Nxg3 16. hxg3 Nc4 17. Bc1 a5 18. b5 a4 19. Nd2 Qa5 20. Nxc4 dxc4 21. Rb1 Rfb8 22. d5 e5 23. Qe2 Rxb5 24. Be3 Rc8 25. Rxb5 Qxb5 26. Rd1 Qb3 0-1


[Site "https://www.chess.com"]

[Event "Titled Tuesday Blitz February 21 Early 2023"]
[White "Wickramasinghe, Minethma Lasandi"]
[Black "Sreyas Payyappat"]
[WhiteFideId "9966170"]
[BlackFideId "46674969"]
[WhiteElo "1483"]
[BlackElo "2076"]
[Result "0-1"]
[Round "02"]
[TimeControl "180+2"]
[Date "2023.02.21"]
[WhiteClock "0:00:03"]
[BlackClock "0:00:55"]

1. d4 Nf6 2. c4 c5 3. d5 e6 4. Nc3 exd5 5. Nxd5 Nxd5 6. cxd5 d6 7. e4 g6 8. Ne2 Bg7 9. Nc3 O-O 10. Bd3 a6 11. a4 Nd7 12. f4 f5 13. exf5 gxf5 14. O-O Nf6 15. a5 Ng4 16. h3 Bd4+ 17. Kh1 Nf2+ 18. Rxf2 Bxf2 19. Qf3 Bd4 20. Na4 Bd7 21. Nb6 Rb8 22. Ra3 Qe7 23. Nxd7 Qxd7 24. Qg3+ Qg7 25. Qf3 Bxb2 26. Bxb2 Qxb2 27. Ra4 Rbe8 28. Qg3+ Qg7 29. Qf3 Kh8 30. Ra2 Qc3 31. Qf1 Re1 0-1


[Site "https://www.chess.com"]

[Event "Titled Tuesday Blitz February 21 Early 2023"]
[White "Valle Maytin, Luis Enrique"]
[Black "Castillo Pena, Patricia Evarista"]
[WhiteFideId "3503666"]
[BlackFideId "6412106"]
[WhiteElo "2241"]
[BlackElo "1783"]
[Result "1-0"]
[Round "02"]
[TimeControl "180+2"]
[Date "2023.02.21"]
[WhiteClock "0:00:34"]
[BlackClock "0:00:03"]

1. e4 c5 2. Nf3 d6 3. d4 cxd4 4. Nxd4 Nf6 5. Nc3 a6 6. Bg5 e6 7. f4 h6 8. Bh4 Qb6 9. Qd2 Qxb2 10. Rb1 Qa3 11. f5 Be7 12. fxe6 Bxe6 13. Rxb7 Nbd7 14. Nxe6 fxe6 15. Bc4 Nxe4 16. Nxe4 Bxh4+ 17. g3 Be7 18. Bxe6 Rd8 19. O-O Rf8 20. Rxf8+ Nxf8 21. Bd5 Ng6 22. Qf2 1-0


[Site "https://www.chess.com"]

[Event "Titled Tuesday Blitz February 21 Early 2023"]
[White "tandercat"]
[Black "Iljin, Timofey"]
[BlackFideId "14110180"]
[WhiteElo "1859"]
[BlackElo "2329"]
[Result "1-0"]
[Round "02"]
[TimeControl "180+2"]
[Date "2023.02.21"]
[WhiteClock "0:00:03"]
[BlackClock "0:00:18"]

1. d4 d5 2. c4 e6 3. Nc3 Nf6 4. cxd5 exd5 5. Bg5 Bb4 6. e3 O-O 7. Bd3 h6 8. Bh4 Nbd7 9. Ne2 b6 10. a3 Bb7 11. axb4 c5 12. bxc5 bxc5 13. O-O c4 14. Bf5 Qb6 15. Na4 Qd6 16. Bg3 Qe7 17. Nec3 Bc6 18. b3 Qb4 19. bxc4 Qxc4 20. Qd3 Qb4 21. Rfb1 Qa5 22. h3 Qd8 23. Nc5 Nxc5 24. dxc5 g6 25. Bxg6 fxg6 26. Qxg6+ Kh8 27. Be5 Qe7 28. Qxh6+ Kg8 29. f4 Rf7 30. Ra6 Rc8 31. Rxc6 Rxc6 32. Rb8+ Rf8 33. Qg6+ Qg7 34. Rxf8+ Kxf8 35. Qxg7+ Kxg7 36. Nxd5 a5 37. Bxf6+ Kf7 38. Bd4 a4 39. Nb4 Rc8 40. c6 a3 41. e4 Ke6 42. g4 Kd6 43. g5 Ra8 44. g6 a2 45. Nxa2 Rxa2 46. g7 Ra8 47. h4 Rg8 48. h5 Ke6 49. h6 Kf7 50. h7 Rb8 51. g8=Q+ Ke7 52. Qg7+ Ke6 53. Qd7# 1-0


[Site "https://www.chess.com"]

[Event "Titled Tuesday Blitz February 21 Early 2023"]
[White "Kielinkei"]
[Black "SulfatoFerroso"]
[WhiteElo "2378"]
[BlackElo "1776"]
[Result "1-0"]
[Round "02"]
[TimeControl "180+2"]
[Date "2023.02.21"]
[WhiteClock "0:00:45"]
[BlackClock "0:00:01"]

1. d4 d5 2. c4 e6 3. Nc3 Nf6 4. cxd5 exd5 5. Bg5 c6 6. e3 Be7 7. Bd3 Nbd7 8. Nge2 O-O 9. O-O Re8 10. Qc2 Nf8 11. f3 Nh5 12. Bxe7 Qxe7 13. e4 dxe4 14. fxe4 Qg5 15. Qc1 Qg4 16. Nf4 Nxf4 17. Rxf4 Qh5 18. Qe3 Ne6 19. Rf5 Qg6 20. Raf1 Nd8 21. R5f2 f6 22. e5 Qh5 23. Qf4 c5 24. exf6 1-0


[Site "https://www.chess.com"]

[Event "Titled Tuesday Blitz February 21 Early 2023"]
[White "Nakamura, Hikaru"]
[Black "Fernandez Guillen, Ernesto J."]
[WhiteFideId "2016192"]
[BlackFideId "3512428"]
[WhiteElo "2775"]
[BlackElo "2477"]
[Result "1-0"]
[Round "03"]
[TimeControl "180+2"]
[Date "2023.02.21"]
[WhiteClock "0:00:13"]
[BlackClock "0:00:05"]

1. Nf3 Nf6 2. g3 g6 3. Bg2 Bg7 4. b3 O-O 5. Bb2 c5 6. O-O Nc6 7. d4 cxd4 8. Nxd4 d5 9. Nxc6 bxc6 10. Nd2 Ba6 11. Rc1 Qa5 12. c4 Rfd8 13. Bc3 Qb6 14. Qc2 d4 15. Bb2 c5 16. Nf3 Rab8 17. e3 Bb7 18. exd4 cxd4 19. c5 Qc7 20. Nxd4 Bxg2 21. Kxg2 e5 22. Nf3 e4 23. Nd2 e3 24. fxe3 Ng4 25. Nc4 Bxb2 26. Qxb2 Qxc5 27. Qe2 f5 28. h3 Nf6 29. Rfd1 Ne4 30. Qf3 Qe7 31. Qf4 Ng5 32. Nd6 Rxd6 33. Rxd6 Qb7+ 34. Rdc6 Rc8 35. Qc4+ Kg7 36. Qd5 Rxc6 37. Qxc6 Qb4 38. Qc3+ 1-0


[Site "https://www.chess.com"]